Description

A timing attack with +1 carapace zerglings (which dominate zergling fights, take 3 hits from +1 roaches and survive +0 banelings.

Build Order

Get SALT Encoding   

  13  0:12  Overlord Send first overlord to natural, shift click backwards  
  16  0:49  Hatchery  
  18  1:13  Extractor  
  17  1:17  Spawning Pool  
  20  1:50  Overlord  
  20  2:04  Queen x2  
  24  2:05  Zergling x2  
  28  2:16  Metabolic Boost  
  30  2:36  Hatchery  
  29  2:40  Evolution Chamber  
  34  3:05  Overlord  
  34  3:13  Zerg Ground Armor Level 1 Send nat queen to third  
  34  3:21  Queen  
  40  3:30  Baneling Nest  
  39  3:31  Overlord  
  42  3:43  Overlord Cut drones  
  56  4:13  Baneling x4  
  74  5:05  Zerg Melee Weapons Level 1 Attack with +1 Carapace  
Spawning Tool Build Advisor. Get it on Overwolf

Go to:

Details

  • Created by: siowy
  • Published on: Jul 19, 2020
  • Modified on: Aug 11, 2020
  • Patch: 4.11.0
  • Difficulty: Easy
Show
View Real Time Build Order
Export as new Build Order

Comments (0)

There are no comments. Be the first!

Create an account to comment!